Workbook
Name аааааппппппрррппппппп: #REF!
Name аараооооооооооооо: #REF!
Name автом: #REF!
Name алшрльоплварл: #REF!
Name аолвлддддддддддддддддввввввввв: #REF!
Name апарв: #REF!
Name апрлдджаоырыфрпопрлпрлпрлп: #REF!
Name арлггаджаш: #REF!
Name ароррбллтблпроорапииас: #REF!
Name арррррблллпдрлдддддддддд: #REF!
Name варпаааааааааа: #REF!
Name ввпьььььлднд: #REF!
Name вед: #REF!
Name вертикальная: #REF!
Name вертикплан: #REF!
Name волен: #REF!
Name вп: #REF!
Name впырпфдыпл: #REF!
Name впьглорьтитттттттттт: #REF!
Name всввввввввввввввввввввввввв: #REF!
Name выб: #REF!
Name выпуск: #REF!
Name выьлепвввввпмп: #REF!
Name еваопродолжэрщэрзшщщх: #REF!
Name измен: #REF!
Name итого: #REF!
Name итого_сантех: #REF!
Name итого_стр: #REF!
Name итого_строит: #REF!
Name итого_технол: #REF!
Name итого_электр: #REF!
Name квота: #REF!
Name кккккккккк: #REF!
Name корек: #REF!
Name корект: #REF!
Name корректир: #REF!
Name лен: #REF!
Name лот: #REF!
Name мамиааааааааааааааааааааааааааааа: #REF!
Name ммпоослччччччччччрччапппппппппр: #REF!
Name мрол: #REF!
Name оз: #REF!
Name озелен: #REF!
Name озеленение: #REF!
Name озеленение2: #REF!
Name ОСР: #REF!
Name ОСР110: #REF!
Name ОСР111: #REF!
Name план: #REF!
Name планировка: #REF!
Name плдщхэж.юрббдлююбо: #REF!
Name площадки: #REF!
Name пос: #REF!
Name прав: #REF!
Name прлппппппппппппппрррррррр: #REF!
Name провбп: #REF!
Name проект: #REF!
Name пропппп: #REF!
Name рпоолллллбрюююююююююююю: #REF!
Name сааповвыыыыыеееееггггггггг: #REF!

Sheet 25333
A1: СОГЛАСОВАНО: | E1: ФГУП "Комбинат "Электрохимприбор" | M1: УТВЕРЖДАЮ:
G2: (наименование стройки) | M2: Зам.генерального директора
A3: _________________ | N3: Е.В. Гордеев
A4: " _____ " _________ 2014 г. | M4: __________________
G5: ЛОКАЛЬНЫЙ СМЕТНЫЙ РАСЧЕТ № 25333 | M5: "______ " __________2014г.
G6: (локальная смета)
C8: на | D8: строительно-монтажные работы по реконструкции комнат мастеров участков № 2, 5, 31 МОП-112.
E9: Площадка 1. Здание 101 (инв.№ 5300260). Раздел: архитектурно-строительный
D10: (наименование работ и затрат, наименование объекта)
D12: Основание: проект № 24883-14-АС Изм 43-14 | N12: Справочно, в тыс.руб. :
D13: Сметная стоимость строительных работ _______________________________________________________________________________________________ | J13: ___________________________149,020 | L13: тыс. руб. | N13: с К=5,98 | P13: =ROUND(149.02*5.98,3) -> 891.14
D14: Средства на оплату труда _______________________________________________________________________________________________ | J14: ___________________________22,656 | L14: тыс. руб. | N14: с К=5,98 | P14: =ROUND(22.656*5.98,3) -> 135.483
D15: Сметная трудоемкость _______________________________________________________________________________________________ | J15: _______________________________________________________________________________________________1154,12 | L15: чел.час
D16: Материалы _________________________________________________________ | K16: =J89/1000 -> 91.403 | N16: с К=5,98 | P16: =ROUND(91.403*5.98,3) -> 546.59
D17: Составлен(а) в базовых ценах 2001г. в редакции 2009г.
A19: № пп | B19: Обоснование | C19: Наименование | D19: Ед. изм. | E19: Кол. | F19: Стоимость единицы, руб. | J19: Общая стоимость, руб. | N19: Т/з осн. раб.на ед. | O19: Т/з осн. раб. Всего | P19: Т/з мех. на ед. | Q19: Т/з мех. Всего
F20: Всего | G20: В том числе | J20: Всего | K20: В том числе
G21: Осн.З/п | H21: Эк.Маш | I21: З/пМех | K21: Осн.З/п | L21: Эк.Маш | M21: З/пМех
A22: 1 | B22: 2 | C22: 3 | D22: 4 | E22: 5 | F22: 6 | G22: 7 | H22: 8 | I22: 9 | J22: 10 | K22: 11 | L22: 12 | M22: 13 | N22: 14 | O22: 15 | P22: 16 | Q22: 17
A23: Раздел 1. Разборка конструкций
A24: 1 | B24: ТЕР46-04-012-03 | C24: Разборка деревянных заполнений проемов дверных | D24: 100 м2 | E24: 0.08 | F24: 1496.49 | G24: 1184.57 | H24: 311.92 | I24: 120.9 | J24: 120 | K24: 95 | L24: 25 | M24: 10 | N24: 103.91 | O24: 8.31 | P24: 7.74 | Q24: 0.62
A25: 2 | B25: ТЕР46-04-001-05 | C25: Разборка мелкоблочных стен | D25: 1 м3 | E25: 17.7 | F25: 207.62 | G25: 77.75 | H25: 129.87 | I25: 12.03 | J25: 3675 | K25: 1376 | L25: 2299 | M25: 213 | N25: 6.64 | O25: 117.53 | P25: 0.77 | Q25: 13.63
A26: 3 | B26: ФССЦпг01-01-01-041 | C26: Погрузочные работы при автомобильных перевозках: Мусор строительный с погрузкой вручную КОЭФ. К ПОЗИЦИИ: п.1.1.9 ОП Прил.1. Поясной коэффициент: Свердловская область ПЗ=1,1 (ОЗП=1,1; ЭМ=1,1; ЗПМ=1,1; МАТ=1,1) | D26: 1 т груза | E26: 42.5 | F26: 47.28 | G26: 47.28 | J26: 2009 | K26: 2009
A27: 4 | B27: ФССЦпг03-21-01-040 | C27: Перевозка грузов (мусора) автомобилями-самосвалами грузоподъемностью 10 т, работающих вне карьера, на расстояние: до 40 км I класс груза КОЭФ. К ПОЗИЦИИ: 15 Поясные коэффициенты к сметным ценам на перевозку грузов автомобильным транспортом: Свердловская область ПЗ=1,1 (ОЗП=1,1; ЭМ=1,1; ЗПМ=1,1; МАТ=1,1) | D27: 1 т груза | E27: 42.5 | F27: 25.55 | H27: 25.55 | J27: 1086 | L27: 1086
A28: Итого по разделу 1 Разборка конструкций | J28: 10230 | O28: 125.84 | Q28: 14.25
A29: Раздел 2. Стены, перегородки
A30: 5 | B30: ТЕРр69-2-1 | C30: Сверление отверстий в кирпичных стенах электроперфоратором диаметром до 20 мм, толщина стен 0,5 кирпича (под ерши) | D30: 100 отверстий | E30: 0.5 | F30: 83.02 | G30: 65.93 | H30: 17.09 | J30: 42 | K30: 33 | L30: 9 | N30: 5.49 | O30: 2.75
A31: 6 | B31: ТЕР07-01-044-01 прим. | C31: Установка ершей в готовые гнезда с заделкой для крепления пристраиваемых конструкций ограждения к существующей стене | D31: т | E31: 0.006 | F31: 3906.63 | G31: 2444.6 | H31: 572.31 | J31: 23 | K31: 15 | L31: 3 | N31: 170 | O31: 1.02
A32: 7 | B32: ТСЦ-204-0002 | C32: Горячекатаная арматурная сталь гладкая класса А-I, диаметром 8 мм | D32: т | E32: 0.006 | F32: 4637.68 | J32: 28
A33: 8 | B33: ТЕР08-02-002-03 | C33: Кладка перегородок из кирпича армированных толщиной в 1/2 кирпича при высоте этажа до 4 м | D33: 100 м2 | E33: 1.47 | F33: 10332.14 | G33: 2043.74 | H33: 1064 | I33: 74.8 | J33: 15188 | K33: 3004 | L33: 1564 | M33: 110 | N33: 170.17 | O33: 250.15 | P33: 4.11 | Q33: 6.04
A34: 9 | B34: ТЕР06-01-015-09 | C34: Установка закладных деталей весом более 20 кг | D34: 1 т | E34: 0.411 | F34: 7463.03 | G34: 278.6 | H34: 42.05 | I34: 2.73 | J34: 3067 | K34: 115 | L34: 17 | M34: 1 | N34: 21.8 | O34: 8.96 | P34: 0.15 | Q34: 0.06
A35: 10 | B35: ТЕР46-03-001-17 | C35: На каждые 10 мм изменения глубины сверления добавляется или исключается к расценке 46-03-001-01 КОЭФ. К ПОЗИЦИИ: ПЗ=7 (ОЗП=7; ЭМ=7 к расх.; ЗПМ=7; МАТ=7 к расх.; ТЗ=7; ТЗМ=7) | D35: 100 отверстий | E35: 0.04 | F35: 816.41 | G35: 17.99 | H35: 236.6 | I35: 77.77 | J35: 33 | K35: 1 | L35: 9 | M35: 3 | N35: 1.33 | O35: 0.05 | P35: 5.74 | Q35: 0.23
A36: 11 | B36: ТЕР46-03-001-01 | C36: Сверление в железобетонных конструкциях вертикальных отверстий глубиной 200 мм диаметром 20 мм | D36: 100 отверстий | E36: 0.04 | F36: 2712.24 | G36: 234.42 | H36: 872.51 | I36: 222.22 | J36: 108 | K36: 9 | L36: 35 | M36: 9 | N36: 17.3 | O36: 0.69 | P36: 16.4 | Q36: 0.66
A37: 12 | B37: ТЕР07-01-044-01 прим. | C37: Установка ершей в готовые гнезда с заделкой для крепления пристраиваемых конструкций ограждения к полам | D37: 1 т | E37: 0.002 | F37: 8440.59 | G37: 2444.6 | H37: 572.31 | J37: 17 | K37: 5 | L37: 1 | N37: 170 | O37: 0.34
A38: 13 | B38: ТСЦ-204-0006 прим. | C38: Горячекатаная арматурная сталь гладкая класса А-I, диаметром 15 мм | D38: т | E38: 0.002 | F38: 4178.36 | J38: 8
A39: 14 | B39: Цена поставщика 2013г. | C39: Установка перегородок из алюминиевых профилей | D39: м2 | E39: 24.72 | F39: 91.45 | G39: 91,45 600/5,56/1,18 | J39: 2261 | K39: 2261
A40: 15 | B40: Цена поставщика 2013г. | C40: Офисные перегородки из алюминиевых профилей: двойное стекло 5 мм + гипсовинил (нижняя часть) | D40: м2 | E40: 24.72 | F40: 877,94 (6260-500)/5,56/1,18 | J40: 21703
A41: 16 | B41: Цена поставщика 2013г. | C41: Установка дверного блока в перегородку из алюминиевых профилей | D41: шт. | E41: 4 | F41: 228.63 | G41: 228,63 1500/5,56/1,18 | J41: 915 | K41: 915
A42: 17 | B42: Цена поставщика 2013г. | C42: Дверные блоки в алюминиевой раме с двойным остеклением | D42: м2 | E42: 8.28 | F42: 1863,3 (21820-500)/1,744/5,56/1,18 | J42: 15428
A43: Работы на Изм. 43-14
A44: 18 | B44: ТЕР46-03-007-03 | C44: Пробивка проемов в конструкциях из кирпича | D44: 1 м3 | E44: 0.1 | F44: 583.75 | G44: 155.35 | H44: 428.4 | I44: 39.67 | J44: 58 | K44: 16 | L44: 42 | M44: 4 | N44: 12.3 | O44: 1.23 | P44: 2.54 | Q44: 0.25
A45: Итого по разделу 2 Стены, перегородки | J45: 72011 | O45: 364.15 | Q45: 10.3
A46: Раздел 3. Перекрытие
A47: 19 | B47: ТЕР09-01-001-01 | C47: Монтаж каркасов одноэтажных производственных зданий одно- и многопролетных без фонарей пролетом до 24 м, высотой до 15 м без кранов | D47: 1 т | E47: 1.21 | F47: 1137.76 | G47: 303.52 | H47: 535.13 | I47: 53.33 | J47: 1377 | K47: 367 | L47: 648 | M47: 65 | N47: 22.4 | O47: 27.1 | P47: 2.81 | Q47: 3.4
A48: 20 | B48: ТСЦ-201-0778 | C48: Прочие индивидуальные сварные конструкции, масса сборочной единицы до 0,1 т | D48: т | E48: 1.21 | F48: 13506.5 | J48: 16343
A49: 21 | B49: ТЕР13-03-002-15 | C49: Огрунтовка металлических поверхностей за один раз лаком БТ-577 КОЭФ. К ПОЗИЦИИ: за 2 раза ПЗ=2 (ОЗП=2; ЭМ=2 к расх.; ЗПМ=2; МАТ=2 к расх.; ТЗ=2; ТЗМ=2) | D49: 100 м2 | E49: 0.536 | F49: 354.5 | G49: 120.58 | H49: 24.66 | I49: 0.32 | J49: 190 | K49: 65 | L49: 13 | N49: 7.82 | O49: 4.19 | P49: 0.02 | Q49: 0.01
A50: 22 | B50: ТЕР15-05-013-02 | C50: Укладка поликарбоната по металлическому каркасу перекрытия КОЭФ. К ПОЗИЦИИ: МАТ=0 к расх. | D50: 100 м2 | E50: 1.07 | F50: 572.02 | G50: 470.91 | H50: 101.11 | I50: 4.55 | J50: 612 | K50: 504 | L50: 108 | M50: 5 | N50: 39.21 | O50: 41.95 | P50: 0.25 | Q50: 0.27
A51: 23 | B51: Цена поставщика 2013г. | C51: Сотовый поликарбонат прозрачный толщиной 20 мм | D51: м2 | E51: 108 | F51: 83,47 547,62/5,56/1,18 | J51: 9015
A52: 25 | B52: ТЕРр61-28-4 прим. | C52: Установка защитной сетки "Рабица" натяжением над перекрытием (при помощи крючков) | D52: 100 м2 | E52: 1.07 | F52: 296.77 | G52: 287.94 | H52: 8.83 | J52: 318 | K52: 309 | L52: 9 | N52: 26.2 | O52: 28.03
A53: 26 | B53: ТСЦ-101-3880 | C53: Сетка «Рабица» из проволоки диаметром 1,6 без покрытия | D53: м2 | E53: 108 | F53: 13.78 | J53: 1488
A54: 27 | B54: ТЕР13-03-002-15 | C54: Огрунтовка защитной сетки за один раз лаком БТ-577 КОЭФ. К ПОЗИЦИИ: 3.13 Окраска и огрунтовка решетчатых поверхностей ОЗП=1,1; ЭМ=1,1 к расх.; ЗПМ=1,1; МАТ=1,1 к расх.; ТЗ=1,1; ТЗМ=1,1; за 2 раза ПЗ=2 (ОЗП=2; ЭМ=2 к расх.; ЗПМ=2; МАТ=2 к расх.; ТЗ=2; ТЗМ=2) | D54: 100 м2 | E54: 1.07 | F54: 389.95 | G54: 132.64 | H54: 27.13 | I54: 0.35 | J54: 417 | K54: 142 | L54: 29 | N54: 8.6 | O54: 9.2 | P54: 0.02 | Q54: 0.02
A55: Итого по разделу 3 Перекрытие | J55: 34000 | O55: 141.8 | Q55: 5.56
A56: Раздел 4. Отделочные работы
A57: 28 | B57: ТЕР15-02-016-03 | C57: Штукатурка поверхностей внутри здания цементно-известковым или цементным раствором по камню и бетону улучшенная стен | D57: 100 м2 | E57: 2.94 | F57: 2722.42 | G57: 1137.38 | H57: 182.31 | I57: 78.56 | J57: 8004 | K57: 3344 | L57: 536 | M57: 231 | N57: 85.84 | O57: 252.37 | P57: 6.29 | Q57: 18.49
A58: 29 | B58: ТЕР15-04-005-03 | C58: Окраска поливинилацетатными водоэмульсионными составами улучшенная по штукатурке стен | D58: 100 м2 | E58: 2.94 | F58: 1444.59 | G58: 541.83 | H58: 17.18 | I58: 0.31 | J58: 4247 | K58: 1593 | L58: 51 | M58: 1 | N58: 42.9 | O58: 126.13 | P58: 0.02 | Q58: 0.06
A59: 30 | B59: ТСЦ-101-0335 | C59: Краски водно-дисперсионные акрилатные | D59: т | E59: 0.185 | F59: 33000 | J59: 6105
A60: Итого по разделу 4 Отделочные работы | J60: 32782 | O60: 522.34 | Q60: 27.83
A61: ИТОГИ ПО СМЕТЕ:
A62: Итого прямые затраты по смете в ценах 2001г. | J62: 113885 | K62: 16178 | L62: 6484 | M62: 652 | O62: 880 | Q62: 43.74
A63: Итого прямые затраты по смете с учетом коэффициентов к итогам | J63: 121169 | K63: 21760 | L63: 8006 | M63: 896 | O63: 1154.12 | Q63: 57.94
A64: В том числе, справочно:
A65: Районный к-т 4,3% (Поз. 1-2, 10-11, 18, 3, 5-6, 12, 7, 13-17, 20, 26, 30, 8-9, 19, 21, 27, 22, 24, 28-29, 25) | J65: 723 | K65: 696 | L65: 28 | M65: 28
A66: При реконструкции зданий работы, аналогичные технологическим процессам в новом строительстве ОЗП=1,15; ЭМ=1,25; ЗПМ=1,25; ТЗ=1,15; ТЗМ=1,25 (Поз. 6, 12, 7, 13-17, 20, 26, 30, 8-9, 19, 21, 27, 22, 24, 28-29) | J66: 2675 | K66: 1929 | L66: 747 | M66: 108 | O66: 108.2115 | Q66: 7.0875
A67: Условия производства работ ОЗП=1,2; ЭМ=1,2; ЗПМ=1,2; ТЗ=1,2; ТЗМ=1,2 (Поз. 6, 12, 7, 13-17, 20, 26, 30, 8-9, 19, 21, 27, 22, 24, 28-29) | J67: 3706 | K67: 2958 | L67: 747 | M67: 108 | O67: 165.924 | Q67: 7.09
A68: Заготовительно-складские расходы на материалы покупные ПЗ=1,02 (ОЗП=1,02; ЭМ=1,02; МАТ=1,02) (Поз. 23) | J68: 180
A69: Накладные расходы | J69: 17418
A70: В том числе, справочно:
A71: 78% ФОТ (от 34) (Поз. 5) | J71: 27
A72: 79% ФОТ (от 322) (Поз. 25) | J72: 254
A73: 90% ФОТ (от 928) (Поз. 19, 21, 27) | J73: 835
A74: 105% ФОТ (от 8369) (Поз. 9, 22, 24, 28-29) | J74: 8787
A75: 110% ФОТ (от 1810) (Поз. 1-2, 10-11, 18) | J75: 1991
A76: 122% ФОТ (от 4497) (Поз. 8) | J76: 5486
A77: 130% ФОТ (от 29) (Поз. 6, 12) | J77: 38
A78: Сметная прибыль | J78: 10433
A79: В том числе, справочно:
A80: 50% ФОТ (от 356) (Поз. 5, 25) | J80: 178
A81: 55% ФОТ (от 8202) (Поз. 22, 24, 28-29) | J81: 4511
A82: 65% ФОТ (от 167) (Поз. 9) | J82: 109
A83: 70% ФОТ (от 2108) (Поз. 1-2, 10-11, 18, 21, 27) | J83: 1476
A84: 80% ФОТ (от 4497) (Поз. 8) | J84: 3598
A85: 85% ФОТ (от 659) (Поз. 6, 12, 19) | J85: 561
A86: Итоги по смете:
A87: Итого | J87: 149020 | O87: 1154.12 | Q87: 57.94
A88: В том числе:
A89: Материалы | J89: 91403
A90: Машины и механизмы | J90: =8006-M63 -> 7110
A91: ФОТ | J91: 22656
A92: Накладные расходы | J92: 17418
A93: Сметная прибыль | J93: 10433
A94: ВСЕГО по смете | J94: 149020 | O94: 1154.12 | Q94: 57.94
B96: Примечание: материал от разборки, пригодный для дальнейшего использования, передается балансодержателю по акту.
B98: Начальник отд. 078 _________________________ Т.М. Ковязина | I98: Составил инженер-сметчик __________________ Т.М. Шушпанова
I99: 23.04.14 г.
I100: Ведущий инженер __________________________ В.В. Воронкова

Sheet 25406
A1: СОГЛАСОВАНО: | E1: ФГУП "Комбинат "Электрохимприбор" | M1: УТВЕРЖДАЮ:
G2: (наименование стройки) | M2: Зам. генерального директора
M3: Е.В.Гордеев
A4: _________________ | M4: _________________
A5: " _____ " ________________ 2014 г. | M5: "______ " __________2014 г.
G6: ЛОКАЛЬНЫЙ СМЕТНЫЙ РАСЧЕТ № 25406
G7: (локальная смета)
C9: на | D9: строительно-монтажные работы по реконструкции комнат мастеров производственных участков № 2, 5, 31
E10: в здании № 101 МОП 112. Инв. № 5300260
D11: Раздел: Силовое электрооборудование. Электрическое освещение.
H12: (наименование работ и затрат, наименование объекта)
D14: Основание: проект № 24907-14-ЭМ | N14: Справочно, в тыс.руб. :
D15: Сметная стоимость _______________________________________________________________________________________________ | J15: ___________________________47,435 | L15: тыс. руб. | N15: ВСЕГО: | P15: =P16+P17+P18 -> 303.4973
D16: строительных работ _______________________________________________________________________________________________ | J16: _______________________________________________________________________________________________0,720 | L16: тыс. руб. | N16: с К=5,98 | P16: =0.72*5.98 -> 4.3056
D17: монтажных работ _______________________________________________________________________________________________ | J17: _______________________________________________________________________________________________42,307 | L17: тыс. руб. | N17: с К=5,98 | P17: =5.98*42.307 -> 252.99586
D18: прочих (ПНР "в холостую") _______________________________________________________________________________________________ | J18: _______________________________________________________________________________________________4,408 | L18: тыс. руб. | N18: с К=10,48 | P18: =10.48*4.408 -> 46.19584
D19: Средства на оплату труда _______________________________________________________________________________________________ | J19: ___________________________6,676 | L19: тыс. руб.
D20: Сметная трудоемкость _______________________________________________________________________________________________ | J20: _______________________________________________________________________________________________402,79 | L20: чел.час
D21: Материалы ______________________________________ | K21: =J125/1000 -> 4.005 | L21: тыс.руб. | N21: с К=5,98 | P21: =K21*5.98 -> 23.9499
D22: Составлен(а) в базовых ценах 2001г. в редакции 2009г.
A24: № пп | B24: Обоснование | C24: Наименование | D24: Ед. изм. | E24: Кол. | F24: Стоимость единицы, руб. | J24: Общая стоимость, руб. | N24: Т/з осн. раб.на ед. | O24: Т/з осн. раб. Всего | P24: Т/з мех. на ед. | Q24: Т/з мех. Всего
F25: Всего | G25: В том числе | J25: Всего | K25: В том числе
G26: Осн.З/п | H26: Эк.Маш | I26: З/пМех | K26: Осн.З/п | L26: Эк.Маш | M26: З/пМех
A27: 1 | B27: 2 | C27: 3 | D27: 4 | E27: 5 | F27: 6 | G27: 7 | H27: 8 | I27: 9 | J27: 10 | K27: 11 | L27: 12 | M27: 13 | N27: 14 | O27: 15 | P27: 16 | Q27: 17
A28: Раздел 1. Демонтажные работы
A29: 1 | B29: ТЕРр67-4-5 | C29: Демонтаж светильников для люминесцентных ламп | D29: 100 шт. | E29: 0.15 | F29: 205.2 | G29: 201.98 | H29: 3.22 | I29: 1.25 | J29: 31 | K29: 31 | N29: 17.89 | O29: 2.68 | P29: 0.08 | Q29: 0.01
A30: 2 | B30: ТЕРр67-4-1 | C30: Демонтаж выключателей, розеток | D30: 100 шт. | E30: 0.09 | F30: 64.18 | G30: 64.18 | J30: 6 | K30: 6 | N30: 5.84 | O30: 0.53
A31: 3 | B31: ТЕРр67-3-1 | C31: Демонтаж кабеля | D31: 100 м | E31: 3 | F31: 106.34 | G31: 105.94 | H31: 0.4 | I31: 0.16 | J31: 319 | K31: 318 | L31: 1 | N31: 9.64 | O31: 28.92 | P31: 0.01 | Q31: 0.03
A32: 4 | B32: ТЕРр67-2-5 | C32: Демонтаж стальных труб, проложенных на скобах диаметром до 25 мм | D32: 100 м труб | E32: 0.6 | F32: 205.34 | G32: 193.83 | H32: 4.66 | I32: 1.09 | J32: 123 | K32: 116 | L32: 3 | M32: 1 | N32: 16.84 | O32: 10.1 | P32: 0.07 | Q32: 0.04
A33: Итого по разделу 1 Демонтажные работы | J33: 1237 | O33: 42.23 | Q33: 0.08
A34: Раздел 2. Монтажные работы
A35: 5 | B35: Цена поставщика | C35: Коробка КМ41237 распаячная для о/п d75х40мм IP44 (RAL7035, 4 гермоввода) UKO11-075-040-000-K41-44 | D35: шт. | E35: 18 | F35: 5,62 39,66/1.18/5,98 | J35: 101
A36: 6 | B36: Цена поставщика | C36: Зажим винтовой ЗВИ-5 н/г 1,5-4мм2 12пар ИЭК UZV4-005-04 | D36: шт | E36: 60 | F36: 3,37 23,80/1,18/5,98 | J36: 202
A37: 7 | B37: Цена поставщика | C37: ВС20-1-0-ББ Выключатель одноклавишный для открытой установки Серия "БРИКС" EVB10-K01-10-DC | D37: шт. | E37: 4 | F37: 11,9 84/1,18/5,98 | J37: 48
A38: 8 | B38: ТЕРм08-03-591-01 | C38: Выключатель одноклавишный неутопленного типа при открытой проводке | D38: 100 шт. | E38: 0.04 | F38: 758.17 | G38: 551.82 | H38: 27.07 | I38: 0.55 | J38: 30 | K38: 22 | L38: 1 | N38: 39.5 | O38: 1.58 | P38: 0.03
A39: 9 | B39: Цена поставщика | C39: Светильник для люминесцентных ламп ЛПО06 2х36-031 1075236031 | D39: шт | E39: 21 | F39: 426,14 3007/1,18/5,98 | J39: 8949
A40: 10 | B40: ТЕРм08-03-594-02 | C40: Светильник отдельно устанавливаемый на штырях с количеством ламп в светильнике 2 КОЭФ. К ПОЗИЦИИ: 1.8.3.ОП При производстве работ на высоте свыше расстояний, указанных в вводных указаниях к разделам сборника: при высоте свыше 2 до 8 м ОЗП=1,05; ТЗ=1,05 | D40: 100 шт. | E40: 0.21 | F40: 6936.16 | G40: 1701.55 | H40: 2228.22 | I40: 710.91 | J40: 1457 | K40: 357 | L40: 468 | M40: 149 | N40: 121.8 | O40: 25.58 | P40: 45.08 | Q40: 9.47
A41: 11 | B41: ИЭК 12.02.2014г | C41: Профиль перфорированный L=2м CLP1Z-050-20 | D41: шт | E41: 21 | F41: 76,38 539/1,18/5,98 | J41: 1604
A42: 12 | B42: Цена поставщика | C42: Лампы люминесцентные OSRAM L36W/840-1 | D42: шт | E42: 42 | F42: 33,87 239/1,18/5,98 | J42: 1423
A43: 13 | B43: ТЕРм08-02-472-07 прим. | C43: Профиль перфорированный для крепления светильников КОЭФ. К ПОЗИЦИИ: 1.8.3.ОП При производстве работ на высоте свыше расстояний, указанных в вводных указаниях к разделам сборника: при высоте свыше 2 до 8 м ОЗП=1,05; ТЗ=1,05 | D43: 100 м | E43: 0.42 | F43: 892.34 | G43: 296.34 | H43: 103.2 | I43: 4.55 | J43: 375 | K43: 124 | L43: 43 | M43: 2 | N43: 22.37 | O43: 9.4 | P43: 0.25 | Q43: 0.11
A44: 14 | B44: Цена поставщика | C44: Кабель силовой ВВГнг(А)-0,66 сечением 3х1,5мм2 | D44: м | E44: 193.8 | F44: 2,26 15,93/1,18/5,98 | J44: 438
A45: 15 | B45: Цена поставщика | C45: Кабель силовой ВВГнг(А)-0,66 сечением 3х2,5мм2 | D45: м | E45: 270.3 | F45: 3,68 26/1,18/5,98 | J45: 995
A46: 16 | B46: ТЕРм08-02-146-01 | C46: Кабель до 35 кВ с креплением накладными скобами, масса 1 м кабеля до 0,5 кг КОЭФ. К ПОЗИЦИИ: 1.8.3.ОП При производстве работ на высоте свыше расстояний, указанных в вводных указаниях к разделам сборника: при высоте свыше 2 до 8 м ОЗП=1,05; ТЗ=1,05 | D46: 100 м кабеля | E46: 1 | F46: 2838.69 | G46: 209.15 | H46: 1292.95 | I46: 147.72 | J46: 2839 | K46: 209 | L46: 1293 | M46: 148 | N46: 15.44 | O46: 15.44 | P46: 8.36 | Q46: 8.36
A47: 17 | B47: ТЕРм08-02-148-01 | C47: Кабель до 35 кВ в проложенных трубах, блоках и коробах, масса 1 м кабеля до 1 кг | D47: 100 м кабеля | E47: 1.25 | F47: 798.84 | G47: 168.02 | H47: 544.81 | I47: 57.87 | J47: 999 | K47: 210 | L47: 681 | M47: 72 | N47: 12.4 | O47: 15.5 | P47: 3.39 | Q47: 4.24
A48: 18 | B48: ТЕРм08-02-144-01 | C48: Присоединение к зажимам жил проводов или кабелей сечением до 2,5 мм2 | D48: 100 шт. | E48: 1.56 | F48: 165.85 | G48: 162.6 | J48: 259 | K48: 254 | N48: 12 | O48: 18.72
A49: 19 | B49: ТЕРм08-02-144-02 | C49: Присоединение к зажимам жил проводов или кабелей сечением до 6 мм2 | D49: 100 шт. | E49: 0.9 | F49: 179.67 | G49: 176.15 | J49: 162 | K49: 159 | N49: 13 | O49: 11.7
A50: 20 | B50: ТЕРм08-02-158-04 | C50: Заделка концевая сухая для контрольного кабеля сечением одной жилы до 2,5 мм2, количество жил до 4 | D50: 1 шт. | E50: 52 | F50: 38.4 | G50: 3.52 | H50: 2.92 | I50: 0.18 | J50: 1997 | K50: 183 | L50: 152 | M50: 9 | N50: 0.26 | O50: 13.52 | P50: 0.01 | Q50: 0.52
A51: 21 | B51: ТЕРм08-02-158-11 | C51: Заделка концевая сухая для контрольного кабеля сечением одной жилы до 6 мм2, количество жил до 4 | D51: 1 шт. | E51: 30 | F51: 41.03 | G51: 3.93 | H51: 2.92 | I51: 0.18 | J51: 1231 | K51: 118 | L51: 88 | M51: 5 | N51: 0.29 | O51: 8.7 | P51: 0.01 | Q51: 0.3
A52: 22 | B52: ТЕРм08-02-399-01 | C52: Провод (кабель) в коробах, сечением до 6 мм2 | D52: 100 м | E52: 2.3 | F52: 189.23 | G52: 46.64 | H52: 56.09 | I52: 24.55 | J52: 435 | K52: 107 | L52: 129 | M52: 56 | N52: 3.52 | O52: 8.1 | P52: 1.57 | Q52: 3.61
A53: 23 | B53: ТСЦ-101-2161 | C53: Рукава металлические диаметром 15 мм РЗ-Ц-Х | D53: м | E53: 75 | F53: 11.9 | J53: 893
A54: 24 | B54: ТЕРм08-02-411-01 | C54: Рукав металлический наружным диаметром до 48 мм | D54: 100 м | E54: 0.75 | F54: 3947.41 | G54: 459.78 | H54: 240.22 | I54: 4 | J54: 2961 | K54: 345 | L54: 180 | M54: 3 | N54: 34.7 | O54: 26.03 | P54: 0.22 | Q54: 0.17
A55: 25 | B55: ФЕРм08-02-390-01 | C55: Короба пластмассовые: шириной до 40 мм КОЭФ. К ПОЗИЦИИ: Приведение расценок ФЕР к территориальному уровню (Письмо УРЦЦС Ц-297 от 12.04.2011) ОЗП=1,41; ЭМ=1,242; ЗПМ=1,41; МАТ=1,052 | D55: 100 м | E55: 1 | F55: 311.4 | G55: 218.44 | H55: 38.75 | I55: 0.17 | J55: 311 | K55: 218 | L55: 39 | N55: 16.29 | O55: 16.29 | P55: 0.01 | Q55: 0.01
A56: 26 | B56: Цена поставщика | C56: Кабель-канал 25х16 "ЭЛЕКОР" CKK10-025-016-1-K01 | D56: м | E56: 100 | F56: 3,71 26,15/1.18/5.98 | J56: 371
A57: 27 | B57: Цена поставщика | C57: Соединитель на стык КМС 25х16 "ЭЛЕКОР" CKK10D-S-025-016-K01 | D57: шт | E57: 50 | F57: 1,19 8,40/1,18/5,98 | J57: 60
A58: 28 | B58: Цена поставщика | C58: Заглушка КМЗ 25х16 "ЭЛЕКОР" CKK10D-Z-025-016-K01 | D58: шт | E58: 20 | F58: 1,39 9,80/1,18/5,98 | J58: 28
A59: 29 | B59: Цена поставщика | C59: Поворот 90 гр. КМП 25х16 "ЭЛЕКОР" CKK10D-P-025-016-K01 | D59: шт | E59: 20 | F59: 1,5 10,61/1,18/5,98 | J59: 30
A60: 30 | B60: Цена поставщика | C60: Внутренний угол КМВ 25х16 "ЭЛЕКОР" CKK10D-V-025-016-K01 | D60: шт | E60: 20 | F60: 1,69 11,90/1,18/5,98 | J60: 34
A61: 31 | B61: Цена поставщика | C61: Т-образный угол КМТ 25х16 "ЭЛЕКОР" CKK10D-T-025-016-K01 | D61: шт | E61: 20 | F61: 1,5 10,61/1,18/5,98 | J61: 30
A62: 32 | B62: ФЕРм08-02-390-03 | C62: Короба пластмассовые: шириной до 120 мм КОЭФ. К ПОЗИЦИИ: Приведение расценок ФЕР к территориальному уровню (Письмо УРЦЦС Ц-297 от 12.04.2011) ОЗП=1,41; ЭМ=1,242; ЗПМ=1,41; МАТ=1,052 | D62: 100 м | E62: 0.5 | F62: 419.25 | G62: 272.61 | H62: 48.52 | I62: 0.17 | J62: 210 | K62: 136 | L62: 24 | N62: 20.33 | O62: 10.17 | P62: 0.01 | Q62: 0.01
A63: 33 | B63: Цена поставщика | C63: "Legrand" DLP Кабель-канал 80x50 010419 | D63: шт | E63: 25 | F63: 52,62 371,3/1,18/5,98 | J63: 1316
A64: 34 | B64: Цена поставщика | C64: "Legrand" DLP Перегородка разделит. 50 мм 010582 | D64: шт | E64: 25 | F64: 16,95 119,60/1,18/5,98 | J64: 424
A65: 35 | B65: Цена поставщика | C65: "Legrand" DLP Накл.на стык короба 35х80мм 010692 | D65: шт | E65: 25 | F65: 4,49 31,70/1,18/5,98 | J65: 112
A66: 36 | B66: Цена поставщика | C66: "Legrand" DLPНакл. на стык крышки 65мм 010801 | D66: шт | E66: 25 | F66: 7,84 55,30/1,18/5,98 | J66: 196
A67: 37 | B67: Цена поставщика | C67: "Legrand" DLPЗаглушка 80x35 010722 | D67: шт | E67: 10 | F67: 16,65 117,50/1,18/5,98 | J67: 167
A68: 38 | B68: Цена поставщика | C68: "Legrand" DLPУг.внутр. на выс.50мм 010602 | D68: шт | E68: 5 | F68: 40,33 284,60/1,18/5,98 | J68: 202
A69: 39 | B69: Цена поставщика | C69: "Legrand" DLPУг.плоск. д/ 50х80 бел. 010767 | D69: шт | E69: 1 | F69: 60,48 426,8/1,18/5,98 | J69: 60
A70: 40 | B70: Цена поставщика | C70: "Legrand" DLP Отвод угл. на 80/150/220 010763 | D70: шт | E70: 1 | F70: 113,01 797,46/1,18/5,98 | J70: 113
A71: 41 | B71: Цена поставщика | C71: "Legrand" DLPФиксатор кабеля скоба 010681 | D71: шт | E71: 50 | F71: 6,19 43,71/1,18/5,98 | J71: 310
A72: 42 | B72: Цена поставщика | C72: "Legrand" Розетка DLP65 н.ст. 3х2К+З б/заж. 77433 | D72: шт | E72: 7 | F72: 108,15 763,12/1,18/5,98 | J72: 757
A73: 43 | B73: Цена поставщика | C73: "Legrand" Розетка DLP65 н.ст. 2К+З б/заж. 77431 | D73: шт | E73: 5 | F73: 45,74 322,78/1,18/5,98 | J73: 229
A74: 44 | B74: Цена поставщика | C74: "Legrand" Роз. комп. Mosaic RJ45 Кат.5e UTP (1 мод.) LCS 76551 | D74: шт | E74: 7 | F74: 28,99 204,53/1,18/5,98 | J74: 203
A75: 45 | B75: ТЕРм08-03-591-08 | C75: Розетка штепсельная неутопленного типа при открытой проводке | D75: 100 шт. | E75: 0.19 | F75: 813.8 | G75: 603.5 | H75: 29.99 | I75: 0.73 | J75: 155 | K75: 115 | L75: 6 | N75: 43.2 | O75: 8.21 | P75: 0.04 | Q75: 0.01
A76: 46 | B76: Цена поставщика | C76: "Legrand" Batibox Суппорт 1/2п.1 м. 080250 | D76: шт | E76: 7 | F76: 10,88 76,76/1,18/5,98 | J76: 76
A77: 47 | B77: Цена поставщика | C77: "Legrand" Рамка 1м Белая MSC N 078801 | D77: шт | E77: 7 | F77: 16,33 115,21/1,18/5,98 | J77: 114
A78: 48 | B78: ТЕРм10-06-037-13 | C78: Крышка декоративная и другие мелкие изделия (без присоединения проводов) | D78: 100 шт. | E78: 0.14 | F78: 82.85 | G78: 78.98 | J78: 12 | K78: 11 | N78: 6.18 | O78: 0.87
A79: 49 | B79: Цена поставщика | C79: Переключатель кулачковый ПКП10-13/к 10А | D79: шт | E79: 1 | F79: 103,76 732,20/1,18/5,98 | J79: 104
A80: 50 | B80: ТЕРм08-03-537-01 | C80: Переключатель кулачковый, устанавливаемый на металлическом основании, количество цепей до 2 | D80: 1 шт. | E80: 1 | F80: 47.4 | G80: 20.54 | H80: 3.73 | I80: 0.18 | J80: 47 | K80: 21 | L80: 4 | N80: 1.55 | O80: 1.55 | P80: 0.01 | Q80: 0.01
A81: 51 | B81: ТЕР46-03-009-04 | C81: Пробивка в кирпичных стенах отверстий круглых диаметром до 25 мм при толщине стен до 38 см | D81: 100 шт. | E81: 0.07 | F81: 3846.34 | G81: 869.83 | H81: 2976.51 | I81: 329.74 | J81: 269 | K81: 61 | L81: 208 | M81: 23 | N81: 67.22 | O81: 4.71 | P81: 21.11 | Q81: 1.48
A82: 52 | B82: ТЕР46-03-009-05 | C82: Пробивка в кирпичных стенах отверстий круглых диаметром до 25 мм при толщине стен до 51 см | D82: 100 шт. | E82: 0.01 | F82: 5141.15 | G82: 1133.93 | H82: 4007.22 | I82: 443.92 | J82: 51 | K82: 11 | L82: 40 | M82: 4 | N82: 87.63 | O82: 0.88 | P82: 28.42 | Q82: 0.28
A83: 53 | B83: ТЕРм08-02-155-01 | C83: Герметизация проходов при вводе кабелей в помещения уплотнительной массой | D83: 1 проход кабеля | E83: 7 | F83: 22.58 | G83: 6.37 | J83: 158 | K83: 45 | N83: 0.47 | O83: 3.29
A84: 54 | B84: ТЕРр69-04-01 | C84: Заделка отверстий в местах прохода трубопроводов в: стенах и перегородках оштукатуренных | D84: 100 отверстий | E84: 0.08 | F84: 1325.92 | G84: 944.71 | H84: 1.07 | I84: 0.6 | J84: 106 | K84: 76 | N84: 78.66 | O84: 6.29 | P84: 0.05
A85: Итого по разделу 2 Монтажные работы | J85: 41790 | O85: 245.46 | Q85: 33.94
A86: Раздел 3. Пусконаладочные работы (в холостую 80%)
A87: 55 | B87: ТЕРп01-06-021-02 | C87: Схема разводки трехпроводной системы с количеством панелей (шкафов, ячеек) за каждую последующую панель (шкаф, ячейку) свыше 2 | D87: 1 схема | E87: 1 | F87: 16.15 | G87: 16.15 | J87: 16 | K87: 16 | N87: 1 | O87: 1
A88: 56 | B88: ТЕРп01-11-013-01 | C88: Замер полного сопротивления цепи «фаза-нуль» | D88: 1 токоприемник | E88: 47 | F88: 27.06 | G88: 27.06 | J88: 1272 | K88: 1272 | N88: 1.5 | O88: 70.5
A89: 57 | B89: ТЕРп01-11-011-01 | C89: Проверка наличия цепи между заземлителями и заземленными элементами | D89: 100 точек | E89: 0.47 | F89: 288.64 | G89: 288.64 | J89: 136 | K89: 136 | N89: 16 | O89: 7.52
A90: 58 | B90: ТЕРп01-11-028-01 | C90: Измерение сопротивления изоляции мегаомметром кабельных и других линий напряжением до 1 кВ, предназначенных для передачи электроэнергии к распределительным устройствам, щитам, шкафам, коммутационным аппаратам и электропотребителям | D90: 1 линия | E90: 58 | F90: 7.22 | G90: 7.22 | J90: 419 | K90: 419 | N90: 0.4 | O90: 23.2
A91: 59 | B91: ТЕРп01-09-010-01 | C91: Функциональная группа управления релейно-контакторная с общим числом внешних блокировочных связей до 3 | D91: 1 шт. | E91: 1 | F91: 83.43 | G91: 83.43 | J91: 83 | K91: 83 | N91: 5 | O91: 5
A92: 60 | B92: ТЕРп01-07-001-01 | C92: Электродвигатель асинхронный с короткозамкнутым ротором, напряжением до 1 кВ | D92: 1 шт. | E92: 1 | F92: 47.72 | G92: 47.72 | J92: 48 | K92: 48 | N92: 3 | O92: 3
A93: Итого по разделу 3 Пусконаладочные работы (в холостую 80%) | J93: 4408 | O93: 115.1
A94: ИТОГИ ПО СМЕТЕ:
A95: Итого прямые затраты по смете в ценах 2001г. | J95: 36106 | K95: 5227 | L95: 3360 | M95: 472 | O95: 358.98 | Q95: 28.66
A96: Итого прямые затраты по смете с учетом коэффициентов к итогам | J96: 37989 | K96: 6091 | L96: 4005 | M96: 585 | O96: 402.79 | Q96: 34.02
A97: В том числе, справочно:
A98: Районный к-т 4,3% (Поз. 51-52, 54, 1-4, 8, 10, 13, 16-22, 24-25, 32, 45, 50, 53, 55-60) | J98: 244 | K98: 224 | L98: 20 | M98: 20
A99: Заготовительно-складские расходы на материалы - согласно п.4.64 из МДС 81-35.2004 МАТ=1,02 (Поз. 5-7, 9, 11-12, 14-15, 26-31, 33-44, 46-47, 49) | J99: 374
A100: Условия производства работ ОЗП=1,2; ЭМ=1,2; ЗПМ=1,2; ТЗ=1,2; ТЗМ=1,2 (Поз. 8, 10, 13, 16-22, 24-25, 32, 45, 50, 53, 48) | J100: 1174 | K100: 549 | L100: 625 | M100: 93 | O100: 38.93 | Q100: 5.364
A101: 5. С учетом К=1,3 за выполнение ПНР в электроустановках, находящихся под напряжением с оформлением при этом наряда-допуска или распоряжения прил.1.1 п.3+4= 45% (30х45=13,5)% ОЗП=1,135; ЭМ=1,135; ТЗ=1,135 (Поз. 55-60) | J101: 278 | K101: 278 | O101: 14.8797
A102: 3. ПНР на действующих предприятиях в зданиях при наличии в зоне производства работ загромождающих помещения предметов ОЗП=1,15; ТЗ=1,15 (Поз. 55-60) | J102: 351 | K102: 351 | O102: 18.765
A103: Пусконаладочные работы (вхолостую 80%) ПЗ=0,8 (ОЗП=0,8; ЭМ=0,8; ЗПМ=0,8; МАТ=0,8; ТЗ=0,8; ТЗМ=0,8) (Поз. 55-60) | J103: -538 | K103: -538 | O103: -28.774
...

Sheet 25409
A1: СОГЛАСОВАНО: | E1: ФГУП "Комбинат "Электрохимприбор" | M1: УТВЕРЖДАЮ:
G2: (наименование стройки) | M2: Зам. генерального директора
A3: _____________________________ | M3: Е.В.Гордеев
A4: " _____ " ________________ 2014г. | G4: ЛОКАЛЬНЫЙ СМЕТНЫЙ РАСЧЕТ № 25409
G5: (локальная смета) | M5: "______ " __________2014 г.
C7: на | D7: строительно-монтажные работы по реконструкции комнат мастеров участка № 2,5, 31 МОП-112
E8: Площадка 1 Здание 101 (инв.№ 5300260) Раздел: Вентиляция
H9: (наименование работ и затрат, наименование объекта)
D11: Основание: Проект № 24916-14-ОВ | N11: Справочно, в тыс.руб. :
D12: Сметная стоимость _______________________________________________________________________________________________ | J12: ___________________________40,519 | L12: тыс. руб. | N12: Итого: | P12: =ROUND(P13+P14+P15,3) -> 246.983
D13: строительных работ _______________________________________________________________________________________________ | J13: _______________________________________________________________________________________________39,402 | L13: тыс. руб. | N13: с К=5,98 | P13: =ROUND(39.402*5.98,3) -> 235.624
D14: монтажных работ _______________________________________________________________________________________________ | J14: _______________________________________________________________________________________________0,077 | L14: тыс. руб. | N14: с К=5,98 | P14: =ROUND(0.077*5.98,3) -> 0.46
D15: прочих _______________________________________________________________________________________________ | J15: _______________________________________________________________________________________________1,040 | L15: тыс. руб. | N15: с К=10,48 | P15: =ROUND(1.04*10.48,3) -> 10.899
D16: Средства на оплату труда _______________________________________________________________________________________________ | J16: ___________________________4,075 | L16: тыс. руб.
D17: Сметная трудоемкость _______________________________________________________________________________________________ | J17: _______________________________________________________________________________________________306,06 | L17: чел.час
D18: Материалы ___________________________________________________________ | J18: =J104/1000 -> 28.333 | L18: тыс.руб. | N18: с К=5,98 | P18: =ROUND(28.333*5.98,3) -> 169.431
D19: Составлен(а) в базовых ценах 2001г. в редакции 2009г.
A22: № пп | B22: Обоснование | C22: Наименование | D22: Ед. изм. | E22: Кол. | F22: Стоимость единицы, руб. | J22: Общая стоимость, руб. | N22: Т/з осн. раб.на ед. | O22: Т/з осн. раб. Всего | P22: Т/з мех. на ед. | Q22: Т/з мех. Всего
F23: Всего | G23: В том числе | J23: Всего | K23: В том числе
G24: Осн.З/п | H24: Эк.Маш | I24: З/пМех | K24: Осн.З/п | L24: Эк.Маш | M24: З/пМех
A25: 1 | B25: 2 | C25: 3 | D25: 4 | E25: 5 | F25: 6 | G25: 7 | H25: 8 | I25: 9 | J25: 10 | K25: 11 | L25: 12 | M25: 13 | N25: 14 | O25: 15 | P25: 16 | Q25: 17
A26: Раздел 1. Система П-4
A27: 1 | B27: ТЕР20-02-005-06 | C27: Установка заслонок воздушных с ручным приводом периметром до 1000 мм | D27: 1 шт. | E27: 1 | F27: 34.47 | G27: 15.41 | H27: 1.84 | J27: 34 | K27: 15 | L27: 2 | N27: 1.22 | O27: 1.22
A28: 2 | B28: Цена поставщика. | C28: Заслонки РК-302-05 с ручным управлением 300х200 (Цена:1262,00:1,18:5,98*1,02) | D28: шт. | E28: 1 | F28: 182,42 1262,00/1,18/5,98*1,02 | J28: 182
A29: 3 | B29: ТЕР20-02-015-02 | C29: Установка шумоглушителей вентиляционных трубчатых типа ГТП 1-2 сечением 300х200 мм | D29: 1 шт. | E29: 1 | F29: 30.03 | G29: 19.22 | H29: 2.21 | J29: 30 | K29: 19 | L29: 2 | N29: 1.54 | O29: 1.54
A30: 4 | B30: ТСЦ-301-0245 | C30: Глушители шума прямоугольного сечения на бандажном соединении марка ГТП 1-2, сечение обечайки 300х200 мм, масса наполнителя 2,74 кг | D30: шт. | E30: 1 | F30: 1100.74 | J30: 1101
A31: 5 | B31: ТЕР20-02-002-01 | C31: Установка решеток жалюзийных площадью в свету до 0,5 м2 | D31: 1 решетка | E31: 6 | F31: 24.67 | G31: 18.44 | H31: 2.94 | J31: 148 | K31: 111 | L31: 18 | N31: 1.46 | O31: 8.76
A32: 6 | B32: Цена поставщика. | C32: Решетка вентиляционная АДН 250х150 (Цена:509,00:1,18:5,98*1,02) | D32: шт | E32: 6 | F32: 73,58 509,00/1,18/5,98*1,02 | J32: 441
A33: 7 | B33: ТСЦ-301-1746 прим. | C33: Лючок с заглушкой | D33: шт. | E33: 2 | F33: 6.5 | J33: 13
A34: 8 | B34: ТЕР20-01-001-03 | C34: Прокладка воздуховодов из листовой, оцинкованной стали и алюминия класса Н (нормальные) толщиной 0,5 мм, периметром 800, 1000 мм | D34: 100 м2 | E34: 0.08 | F34: 2601.53 | G34: 1893.46 | H34: 136.2 | I34: 7.46 | J34: 208 | K34: 151 | L34: 11 | M34: 1 | N34: 153.69 | O34: 12.3 | P34: 0.41 | Q34: 0.03
A35: 9 | B35: ТСЦ-301-1773 | C35: Воздуховоды из листовой стали толщиной 0,5 мм, периметром до 1000 мм | D35: м2 | E35: 8 | F35: 221.7 | J35: 1774
A36: 10 | B36: ТЕР20-01-001-10 | C36: Прокладка воздуховодов из листовой стали класса Н (нормальные) толщиной 0,7 мм, периметром до 1600 мм | D36: 100 м2 | E36: 0.52 | F36: 2260.48 | G36: 1638.31 | H36: 127.29 | I36: 6.92 | J36: 1175 | K36: 852 | L36: 66 | M36: 4 | N36: 132.98 | O36: 69.15 | P36: 0.38 | Q36: 0.2
A37: 11 | B37: ТСЦ-301-1779 | C37: Воздуховоды из листовой стали толщиной 0,7 мм, периметром до 1600 мм | D37: м2 | E37: 52 | F37: 199.53 | J37: 10376
A38: 12 | B38: ТСЦ-301-0475 | C38: Крепления для воздуховодов подвески СТД6208, СТД6209, СТД6210 | D38: т | E38: 0.03 | F38: 8739.36 | J38: 262
A39: 13 | B39: ТЕР13-03-002-04 | C39: Огрунтовка металлических поверхностей за один раз грунтовкой ГФ-021 | D39: 100 м2 | E39: 0.61 | F39: 417.46 | G39: 79.65 | H39: 10.15 | I39: 0.16 | J39: 255 | K39: 49 | L39: 6 | N39: 5.31 | O39: 3.24 | P39: 0.01 | Q39: 0.01
A40: 14 | B40: ТЕР15-04-030-01 | C40: Масляная окраска металлических поверхностей (воздуховодов изнутри), количество окрасок 1 | D40: 100 м2 | E40: 0.61 | F40: 574.75 | G40: 120.81 | H40: 3.68 | I40: 0.16 | J40: 351 | K40: 74 | L40: 2 | N40: 9.68 | O40: 5.9 | P40: 0.01 | Q40: 0.01
A41: 15 | B41: ТЕР15-04-030-02 | C41: Масляная окраска металлических поверхностей (воздуховодов снаружи), количество окрасок 2 | D41: 100 м2 | E41: 0.61 | F41: 709.24 | G41: 152.38 | H41: 3.68 | I41: 0.16 | J41: 433 | K41: 93 | L41: 2 | N41: 12.21 | O41: 7.45 | P41: 0.01 | Q41: 0.01
A42: Итого по разделу 1 Система П-4 | J42: 21702 | O42: 157.62 | Q42: 0.41
A43: Раздел 2. Система В-1*
A44: 16 | B44: ТЕР20-03-001-02 | C44: Установка вентиляторов радиальных массой до 0,12 т | D44: 1 вентилятор | E44: 1 | F44: 138.43 | G44: 108.09 | H44: 15.2 | I44: 0.55 | J44: 138 | K44: 108 | L44: 15 | M44: 1 | N44: 9 | O44: 9 | P44: 0.03 | Q44: 0.03
A45: 17 | B45: Цена поставщика. | C45: Вентилятор KV 315 L (Цена:13250,00:1,18:5,98*1,02) | D45: комп-кт | E45: 1 | F45: 1915,28 13250,00/1,18/5,98*1,02 | J45: 1915
A46: 18 | B46: ТЕРм08-03-603-01 | C46: Монтаж трансформатора. | D46: 1 шт. | E46: 1 | F46: 30.68 | G46: 19.98 | H46: 6.59 | I46: 0.36 | J46: 31 | K46: 20 | L46: 7 | N46: 1.43 | O46: 1.43 | P46: 0.02 | Q46: 0.02
A47: 19 | B47: Цена поставщика. | C47: Трансформатор RE 1,5 (Цена:4464,00:1,18:5,98*1,02) | D47: комп-кт | E47: 1 | F47: 645,27 4464,00/1,18/5,98*1,02 | J47: 645
A48: 20 | B48: ТЕР20-02-005-02 | C48: Установка заслонок воздушных и клапанов воздушных КВР с ручным приводом диаметром до 355 мм | D48: 1 шт. | E48: 1 | F48: 41.25 | G48: 17.18 | H48: 1.95 | J48: 41 | K48: 17 | L48: 2 | N48: 1.36 | O48: 1.36
A49: 21 | B49: Цена поставщика. | C49: Заслонки РК-302-09 с ручным управлением 250х250 (Цена:1234,00:1,18:5,98*1,02) | D49: шт. | E49: 1 | F49: 178,37 1234,00/1,18/5,98*1,02 | J49: 178
A50: 22 | B50: ТЕР20-02-004-01 | C50: Установка клапанов обратных диаметром до 355 мм | D50: 1 клапан | E50: 1 | F50: 24.14 | G50: 12.85 | H50: 1.84 | J50: 24 | K50: 13 | L50: 2 | N50: 1.03 | O50: 1.03
A51: 23 | B51: Цена поставщика. | C51: Обратный клапан VKK 250 (Цена:6550,00:1,18:5,98*1,02) | D51: шт. | E51: 1 | F51: 946,8 6550,00/1,18/5,98*1,02 | J51: 947
A52: 24 | B52: ТЕР20-02-009-03 | C52: Установка зонтов над шахтами из листовой стали круглого сечения диаметром 315 мм | D52: 1 зонт | E52: 1 | F52: 15.34 | G52: 8.28 | H52: 1.97 | J52: 15 | K52: 8 | L52: 2 | N52: 0.64 | O52: 0.64
A53: 25 | B53: ТСЦ-301-0279 | C53: Зонты вентиляционных систем из листовой оцинкованной стали, круглые, диаметром шахты 315 мм | D53: шт. | E53: 1 | F53: 229 | J53: 229
A54: 26 | B54: ТЕР20-02-002-01 | C54: Установка решеток жалюзийных площадью в свету до 0,5 м2 | D54: 1 решетка | E54: 6 | F54: 24.67 | G54: 18.44 | H54: 2.94 | J54: 148 | K54: 111 | L54: 18 | N54: 1.46 | O54: 8.76
A55: 27 | B55: Цена поставщика. | C55: Решетка вентиляционная АЛН 250х150 (Цена:478,00:1,18:5,98*1,02) | D55: шт | E55: 6 | F55: 69,09 478,00/1,18/5,98*1,02 | J55: 415
A56: 28 | B56: ТСЦ-301-1746 прим. | C56: Лючок с заглушкой | D56: шт. | E56: 2 | F56: 6.5 | J56: 13
A57: 29 | B57: ТЕР20-01-001-03 | C57: Прокладка воздуховодов из листовой, оцинкованной стали и алюминия класса Н (нормальные) толщиной 0,5 мм, периметром 800, 1000 мм | D57: 100 м2 | E57: 0.29 | F57: 2601.53 | G57: 1893.46 | H57: 136.2 | I57: 7.46 | J57: 754 | K57: 549 | L57: 39 | M57: 2 | N57: 153.69 | O57: 44.57 | P57: 0.41 | Q57: 0.12
A58: 30 | B58: ТСЦ-301-1773 | C58: Воздуховоды из листовой стали толщиной 0,5 мм, периметром до 1000 мм | D58: м2 | E58: 29 | F58: 221.7 | J58: 6429
A59: 31 | B59: ТЕР20-01-001-18 | C59: Прокладка воздуховодов из листовой, оцинкованной стали и алюминия класса Н (нормальные) толщиной 1,0 мм, диаметром до 1000 мм | D59: 100 м2 | E59: 0.059 | F59: 1522.92 | G59: 996.44 | H59: 122.03 | I59: 5.1 | J59: 90 | K59: 59 | L59: 7 | N59: 80.88 | O59: 4.77 | P59: 0.28 | Q59: 0.02
A60: 32 | B60: ТСЦ-301-1783 | C60: Воздуховоды из листовой стали толщиной 1,0 мм, диаметром до 1000 мм | D60: м2 | E60: 5.9 | F60: 232.78 | J60: 1373
A61: 33 | B61: ТСЦ-301-0475 | C61: Крепления для воздуховодов подвески СТД6208, СТД6209, СТД6210 | D61: т | E61: 0.017 | F61: 8739.36 | J61: 149
A62: 34 | B62: ТЕР13-03-002-04 | C62: Огрунтовка металлических поверхностей за один раз грунтовкой ГФ-021 | D62: 100 м2 | E62: 0.35 | F62: 417.46 | G62: 79.65 | H62: 10.15 | I62: 0.16 | J62: 146 | K62: 28 | L62: 4 | N62: 5.31 | O62: 1.86 | P62: 0.01
A63: 35 | B63: ТЕР15-04-030-01 | C63: Масляная окраска металлических поверхностей (воздуховодов изнутри), количество окрасок 1 | D63: 100 м2 | E63: 0.35 | F63: 574.75 | G63: 120.81 | H63: 3.68 | I63: 0.16 | J63: 201 | K63: 42 | L63: 1 | N63: 9.68 | O63: 3.39 | P63: 0.01
A64: 36 | B64: ТЕР15-04-030-02 | C64: Масляная окраска металлических поверхностей (воздуховодов снаружи), количество окрасок 2 | D64: 100 м2 | E64: 0.35 | F64: 709.24 | G64: 152.38 | H64: 3.68 | I64: 0.16 | J64: 248 | K64: 53 | L64: 1 | N64: 12.21 | O64: 4.27 | P64: 0.01
A65: Итого по разделу 2 Система В-1* | J65: 17774 | O65: 116.48 | Q65: 0.28
A66: Раздел 3. Пусконаладочные работы
A67: Система П-4
A68: 37 | B68: ТЕРп03-01-022-01 | C68: Сеть систем вентиляции и кондиционирования воздуха при количестве сечений до 5 | D68: 1 вентиляционная сеть | E68: 1 | F68: 190.58 | G68: 190.58 | J68: 191 | K68: 191 | N68: 10 | O68: 10
A69: Система В-1*
A70: 38 | B70: ТЕРп03-01-002-13 | C70: Вентилятор радиальный (центробежный), диаметральный или крышный до массой до 0,05т | D70: 1 устройство | E70: 1 | F70: 92.79 | G70: 92.79 | J70: 93 | K70: 93 | N70: 5 | O70: 5
A71: 39 | B71: ТЕРп03-01-011-05 | C71: Регулировочно-запорное устройство клапан обратный | D71: 1 устройство | E71: 1 | F71: 53.36 | G71: 53.36 | J71: 53 | K71: 53 | N71: 2.8 | O71: 2.8
A72: 40 | B72: ТЕРп03-01-022-01 | C72: Сеть систем вентиляции и кондиционирования воздуха при количестве сечений до 5 | D72: 1 вентиляционная сеть | E72: 1 | F72: 190.58 | G72: 190.58 | J72: 191 | K72: 191 | N72: 10 | O72: 10
A73: Итого по разделу 3 Пусконаладочные работы | J73: 1040 | O73: 31.97
A74: ИТОГИ ПО СМЕТЕ:
A75: Итого прямые затраты по смете в ценах 2001г. | J75: 31440 | K75: 2900 | L75: 207 | M75: 8 | O75: 218.44 | Q75: 0.45
A76: Итого прямые затраты по смете с учетом коэффициентов к итогам | J76: 32719 | K76: 4062 | L76: 324 | M76: 13 | O76: 306.06 | Q76: 0.71
A77: В том числе, справочно:
A78: Районный к-т 4,3% (Поз. 1, 3, 5, 8, 10, 16, 20, 22, 24, 26, 29, 31, 13, 34, 14-15, 35-36, 18, 37-40) | J78: 125 | K78: 125
A79: При реконструкции зданий и сооружений работы, аналогичные технологическим процессам в новом строительстве ОЗП=1,15; ЭМ=1,25; ЗПМ=1,25; ТЗ=1,15; ТЗМ=1,25 (Поз. 1, 3, 5, 8, 10, 16, 20, 22, 24, 26, 29, 31, 13, 34, 14-15, 35-36) | J79: 419 | K79: 368 | L79: 50 | M79: 2 | O79: 28.3815 | Q79: 0.1075
A80: Испытание систем вентиляции. (п. 1.20.19 Тех.часть) ОЗП=1,05; ЭМ=1,05; ЗПМ=1,05; ТЗ=1,05; ТЗМ=1,05 (Поз. 1, 3, 5, 8, 10, 16, 20, 22, 24, 26, 29, 31) | J80: 133 | K80: 121 | L80: 12 | O80: 9.3785 | Q80: 0.025
A81: Производство работ в существующих зданиях и сооружениях в стесненных условиях: ОЗП=1,2; ЭМ=1,2; ЗПМ=1,2; ТЗ=1,2; ТЗМ=1,2 (Поз. 1, 3, 5, 8, 10, 16, 20, 22, 24, 26, 29, 31, 13, 34, 14-15, 35-36, 18) | J81: 646 | K81: 593 | L81: 54 | M81: 2 | O81: 45.682 | Q81: 0.118
A82: 3. ПНР на действующих предприятиях ОЗП=1,15; ТЗ=1,15 (Поз. 37-40) | J82: 83 | K82: 83 | O82: 4.17
A83: Пусконаладочные работы (вхолостую 80%) ПЗ=0,8 (ОЗП=0,8; ЭМ=0,8; ЗПМ=0,8; МАТ=0,8) (Поз. 37-40) | J83: -127 | K83: -127
A84: Накладные расходы | J84: 4761
A85: В том числе, справочно:
A86: 65% ФОТ (от 507) (Поз. 37-40) | J86: 330
A87: 90% ФОТ (от 110) (Поз. 13, 34) | J87: 99
A88: 95% ФОТ (от 25) (Поз. 18) | J88: 24
A89: 105% ФОТ (от 377) (Поз. 14-15, 35-36) | J89: 396
A90: 128% ФОТ (от 3056) (Поз. 1, 3, 5, 8, 10, 16, 20, 22, 24, 26, 29, 31) | J90: 3912
A91: Сметная прибыль | J91: 3039
A92: В том числе, справочно:
A93: 40% ФОТ (от 507) (Поз. 37-40) | J93: 203
A94: 55% ФОТ (от 377) (Поз. 14-15, 35-36) | J94: 207
A95: 65% ФОТ (от 25) (Поз. 18) | J95: 16
A96: 70% ФОТ (от 110) (Поз. 13, 34) | J96: 77
A97: 83% ФОТ (от 3056) (Поз. 1, 3, 5, 8, 10, 16, 20, 22, 24, 26, 29, 31) | J97: 2536
A98: Итоги по смете:
A99: Итого Строительные работы | J99: 39402 | O99: 272.37 | Q99: 0.69
A100: Итого Монтажные работы | J100: 77 | O100: 1.72 | Q100: 0.02
A101: Итого Прочие затраты | J101: 1040 | O101: 31.97
A102: Итого | J102: 40519 | O102: 306.06 | Q102: 0.71
A103: В том числе:
A104: Материалы | J104: 28333
...

Sheet СМР
A1: Расчет начальной (максимальной) цены на
A2: реконструкцию комнат мастеров производственных участков №2, 5, 31 в здании №101 МОП 112. Инв. № 5300260
A4: Наименование глав ССР, объектный сметных расчетов, локальных сметных расчетов, видов прочих работ | B4: Сметная стоимость строительства в базисном уровне цен на 01.01.2000г. по ССР | F4: Остаток сметной стоимости в базисном уровне цен на 01.01.2014 | J4: Сметная стоимость строительства в базисном уровне цен на 01.01.2000г., выставленная на конкурс | N4: Текущая стоимость на момент определения начальной (максимальной) цены | O4: № обосновывающего расчета | P4: 2015 год
B5: Всего | C5: СМР | D5: Оборудование | E5: Прочие | F5: Всего | G5: СМР | H5: Оборудование | I5: Прочие | J5: Всего | K5: СМР | L5: Оборудование | M5: Прочие | P5: СМР | Q5: Оборудование | R5: Прочие
A6: 1 | B6: 2 | C6: 3 | D6: 4 | E6: 5 | F6: 6 | G6: 7 | H6: 8 | I6: 9 | J6: 10 | K6: 11 | L6: 12 | M6: 13 | N6: 14 | O6: 15 | P6: 16 | Q6: 17 | R6: 18
A7: Раздел: архитектурно-строительный. Строительно-монтажные работы по реконструкции комнат мастеров участков № 2, 5, 31 МОП-112. Площадка 1. Здание 101 (инв.№ 5300260). | B7: =SUM(C7:E7) -> 149020 | C7: ='25333'!J87 -> 149020 | D7: 0 | E7: ='25333'!J43 -> 0 | F7: =SUM(G7:I7) -> 149020 | G7: =C7 -> 149020 | H7: =D7 -> 0 | I7: =E7 -> 0 | J7: =SUM(K7:M7) -> 149020 | K7: =P7 -> 149020 | L7: =Q7 -> 0 | M7: =R7 -> 0 | O7: 25333 | P7: =G7 -> 149020 | Q7: =H7 -> 0 | R7: =I7 -> 0
A8: Раздел: Силовое электрооборудование. Электрическое освещение. Строительно-монтажные работы по реконструкции комнат мастеров производственных участков № 2, 5, 31. в здании № 101 МОП 112. Инв. № 5300260 | B8: =SUM(C8:E8) -> 47435 | C8: ='25406'!J119+'25406'!J120 -> 43027 | D8: 0 | E8: ='25406'!J121 -> 4408 | F8: =SUM(G8:I8) -> 47435 | G8: =C8 -> 43027 | H8: =D8 -> 0 | I8: =E8 -> 4408 | J8: =SUM(K8:M8) -> 47435 | K8: =P8 -> 43027 | L8: =Q8 -> 0 | M8: =R8 -> 4408 | O8: 25406 | P8: =G8 -> 43027 | Q8: =H8 -> 0 | R8: =I8 -> 4408
A9: Раздел: Вентиляция. Строительно-монтажные работы по реконструкции комнат мастеров участка № 2,5, 31 МОП-112. Площадка 1 Здание 101 (инв.№ 5300260) | B9: =SUM(C9:E9) -> 40519 | C9: ='25409'!J99+'25409'!J100 -> 39479 | D9: 0 | E9: ='25409'!J101 -> 1040 | F9: =SUM(G9:I9) -> 40519 | G9: =C9 -> 39479 | H9: =D9 -> 0 | I9: =E9 -> 1040 | J9: =SUM(K9:M9) -> 40519 | K9: =P9 -> 39479 | L9: =Q9 -> 0 | M9: =R9 -> 1040 | O9: 25409 | P9: =G9 -> 39479 | Q9: =H9 -> 0 | R9: =I9 -> 1040
A10: Итого в ценах 2000 года: | B10: =SUM(B7:B9) -> 236974 | C10: =SUM(C7:C9) -> 231526 | D10: =SUM(D7:D9) -> 0 | E10: =SUM(E7:E9) -> 5448 | F10: =SUM(F7:F9) -> 236974 | G10: =SUM(G7:G9) -> 231526 | H10: =SUM(H7:H9) -> 0 | I10: =SUM(I7:I9) -> 5448 | ... M10: =SUM(M7:M9) -> 5448 | N10: =SUM(P10:R10) -> 236974 | P10: =SUM(P7:P9) -> 231526 | Q10: =SUM(Q7:Q9) -> 0 | R10: =SUM(R7:R9) -> 5448
A11: Итого в текущих ценах*: | N11: =SUM(P11:R11) -> 1376493 | P11: =ROUND(P10*5.71,0) -> 1322013 | Q11: =ROUND(Q10*4.21,0) -> 0 | R11: =ROUND(R10*10,0) -> 54480
A12: Итого с индексом инфляции**: | N12: =SUM(P12:R12) -> 1446694 | P12: =ROUND(P11*1.051,0) -> 1389436 | R12: =ROUND(R11*1.051,0) -> 57258
A13: НДС 18% | N13: =SUM(P13:R13) -> 260404.92 | P13: =ROUND(P12*18%,2) -> 250098.48 | Q13: =ROUND(Q11*18%,2) -> 0 | R13: =ROUND(R12*18%,2) -> 10306.44
A14: Всего: | N14: =SUM(P14:R14) -> 1707098.9 | P14: =SUM(P12:P13) -> 1639534.5 | Q14: =SUM(Q11:Q13) -> 0 | R14: =SUM(R12:R13) -> 67564.44
P15: 60000000
A16: * В расчете использованы индексы: | Q16: =P15-P14 -> 58360466
A17: - 5,71 индекс изменения сметной стоимости СМР к ТЕР 2001 (письмо Минстроя России от 13.11.2014 года № 25374-ЮР, приложение1, прочие объекты)
A18: - 10,00 индекс изменения сметной стоимости прочих затрат к ТЕР 2001 (письмо Минстроя России от 13.11.2014 года № 25374-ЮР, приложение1, пусконаладочные работы)
A19: **В расчете использован индекс-дефлятор по инвестициям в основной капитал 2015/2014 - 1,051 по письмам: Минэкономразвития России от 25.09.2013 №20402-АК/ДОЗи, Госкорпорация "Росатом" от 10.02.2014 №1-12.8/4385
A21: Начальник отдела капитального строительства
A22: ФГУП "Комбинат "Электрохимприбор" | H22: В.В. Моляков
A24: Инженер по проектно-сметной работе | H24: Н.А. Басова
A26: Согласовано | H26: отд. 028

Sheet НМЦ договора
A4: Определение начальной (максимальной) цены договора генерального подряда
A5: на реконструкцию комнат мастеров производственных участков №2, 5, 31 в здании №101 МОП 112. Инв. № 5300260
A6: на 2014 год
A8: Способ закупки: открытый запрос предложений
G9: ц.2000г./текущие цены, руб.
A10: Наименование услуг и работ (затрат) | C10: Сметная стоимость строительства в базисном уровне цен на 01.01.2000 г. | D10: Сметная стоимость строительства в текущем уровне цен, пресчитанная на момент проведения процедуры закупки | F10: Начальная (максимальная) цена | G10: в том числе по годам строительства
G13: 2014 г.
A17: 1 | C17: 2 | D17: 3 | F17: 4 | G17: 5
A18: СМР | C18: =СМР!K10 -> 231526 | D18: =F18 -> 1322013 | F18: =G18 -> 1322013 | G18: =СМР!P11 -> 1322013
A19: Оборудование | C19: =СМР!L10 -> 0 | D19: =F19 -> 0 | F19: =G19 -> 0 | G19: =СМР!Q11 -> 0
A20: Прочие затраты | C20: =СМР!M10 -> 5448 | D20: =F20 -> 54480 | F20: =G20 -> 54480 | G20: =СМР!R11 -> 54480
A21: Всего: | C21: =SUM(C18:C20) -> 236974 | D21: =F21 -> 1376493 | F21: =G21 -> 1376493 | G21: =SUM(G18:G20) -> 1376493
A22: НДС | D22: =F22 -> 260404.92 | F22: =G22 -> 260404.92 | G22: =СМР!P13+СМР!Q13+СМР!R13 -> 260404.92
A23: Итого с НДС | D23: =F23 -> 1707098.9 | F23: =G23 -> 1707098.9 | G23: =СМР!P14+СМР!Q14+СМР!R14 -> 1707098.9
A25: В расчете использованы индексы:
A27: - 5,71 индекс изменения сметной стоимости СМР к ТЕР 2001 (письмо Минстроя России от 13.11.2014 года № 25374-ЮР, приложение1, прочие объекты) - 10,00 индекс изменения сметной стоимости прочих затрат к ТЕР 2001 (письмо Минстроя России от 13.11.2014 года № 25374-ЮР, приложение1, пусконаладочные работы) **В расчете использован индекс-дефлятор по инвестициям в основной капитал 2015/2014 - 1,051 по письмам: Минэкономразвития России от 25.09.2013 №20402-АК/ДОЗи, Госкорпорация "Росатом" от 10.02.2014 №1-12.8/4385
A29: Начальник отдела капитального строительства
A30: ФГУП "Комбинат "Электрохимприбор" | G30: В.В. Моляков
A32: Инженер по проектно-сметной работе | G32: Н.А. Басова
A34: Согласовано | G34: отд. 028
